 Dungeon Crawl Stone Soup version 0.30-a0-393-g54b8e3be05 (webtiles) character file.

Game seed: 6300648389814354273

4 Engwar the Sneak (level 1, -4/10 HPs)
             Began as a Vampire Enchanter on Dec 5, 2022.
             Slain by a hobgoblin (5 damage)
             ... on level 1 of the Dungeon.
             The game lasted 00:01:01 (151 turns).

Engwar the Sneak (Vampire Enchanter)                 Turns: 151, Time: 00:01:02

Health: -4/10      AC:  2    Str:  7    XL:     1   Next: 58%
Magic:  3/3        EV: 12    Int: 17    God:
Gold:   26         SH:  0    Dex: 14    Spells: 4/4 levels left

rFire   . . .      SeeInvis +    a - +1 dagger
rCold   + + .      Faith    .    (no shield)
rNeg    + + +      Spirit   .    b - +0 robe
rPois   ∞          Reflect  .    (no helmet)
rElec   .          Harm     .    (no cloak)
rCorr   .          Rampage  .    (no gloves)
Will    .....                    (no boots)
Stlth   +++++.....               (no amulet)
HPRegen 0.00/turn                (no ring)
MPRegen 0.08/turn                (no ring)

@: bloodless, inhibited regen
A: bloodless, fangs 3, see invisible, vampiric 1
a: Revivify


You were on level 1 of the Dungeon.
You visited 1 branch of the dungeon, and saw 1 of its levels.

You collected 26 gold pieces.

Inventory:

Hand Weapons
 a - a +1 dagger (weapon)
Armour
 b - a +0 robe (worn)
Scrolls
 d - a scroll of teleportation {unknown}
Potions
 c - 2 potions of invisibility
 e - a potion of curing {unknown}


   Skills:
 + Level 1.2 Short Blades
 + Level 2.3 Dodging
 + Level 4.5 Stealth
 + Level 2.0 Spellcasting
 + Level 4.5 Hexes


You had 4 spell levels left.
You didn't know any spells.
Your spell library contained the following spells:

 Spells                   Type           Power      Damage    Failure   Level
 Confusing Touch          Hex            17%        N/A       9%          3
 Tukima's Dance           Hex            17%        N/A       9%          3
 Ensorcelled Hibernation  Hex/Ice        18%        N/A       12%         2
 Dazzling Flash           Conj/Hex       18%        N/A       22%         3


Dungeon Overview and Level Annotations

Branches:
Dungeon (1/15)

Altars:


Innate Abilities, Weirdness & Mutations

You do not regenerate when monsters are visible.
You are frail without blood (-20% HP).
You can heal yourself when you bite living creatures.
You are immune to poison.
You have razor-sharp teeth.
You have supernaturally acute eyesight. (SInv)
You are afflicted with vampirism.


Message History

You impale the quokka!!
You kill the quokka!
You now have 26 gold pieces (gained 18).
Found a whip.
You see here a +0 whip.
d - a scroll labelled RUSKUWK REGI
Found a chain mail.
A hobgoblin comes into view.
Found a whip.
A ball python comes into view.
The helpless hobgoblin fails to defend itself.
You impale the hobgoblin!!
You kill the hobgoblin!
The helpless ball python fails to defend itself.
You puncture the ball python!
You kill the ball python!
Found a ring mail.
A rat comes into view.
You hit the rat.
You kill the rat!
No target in view!
No target in view!
No target in view!
No target in view!
Found a hand axe.
e - a bubbling green potion You begin bloodletting.
You continue bloodletting. x5
HP restored.
You become bloodless.
A hobgoblin comes into view.
Found a leather armour.
Found 7 gold pieces.
The hobgoblin shouts!
You hear a shout!
A goblin comes into view. It is wielding a +0 club.
The hobgoblin hits you.
You closely miss the hobgoblin. The hobgoblin hits you.
Ouch! That really hurt!
* * * LOW HITPOINT WARNING * * *
You barely miss the hobgoblin. The hobgoblin hits you.
Ouch! That really hurt!
You die...

###.......####.##.#.#.##.#
..........# #.##.#.#.##.#
######....# #.##.#.#.##.#
#..).# #....#......#
#....########....####
#..........##........
##...#####.##....####
#...# #....#... #..@#
#.......+^..
#..g....#.##....#)..
##.[....# ......####
#......#.#.##### #......#
#. #..g...... #..$...###
#......#


You could see a hobgoblin and a goblin.

Vanquished Creatures
  A hobgoblin (D:1)
  A quokka (D:1)
  A ball python (D:1)
  2 rats (D:1)
5 creatures vanquished.

Notes
Turn   | Place    | Note
-------+----------+-------------------------------------------
     0 | D:1      | Engwar the Vampire Enchanter began the quest for the Orb.
     0 | D:1      | Reached XP level 1. HP: 13/13 MP: 3/3
   151 | D:1      | Slain by a hobgoblin

Illustrated notes

Levels and vault maps discovered:
D:1:      eino_arrival_tree_alley, layout_basic

Action                   || total
-------------------------++-------
Melee: Dagger            ||    11
 Abil: Exsanguinate      ||     1
 Stab: Sleeping          ||     3
Dodge: Dodged            ||     4

Table legend: (Time is in decaauts)
 A = Elapsed time spent in this place.
 B = Non-inter-level travel time spent in this place.
 C = Inter-level travel time spent in this place.
 D = Time resting spent in this place.
 E = Time spent auto-exploring this place.
 F = Levels seen in this place.
 G = Mean time per level.
                   A        B        C        D        E       F      G
               +--------+--------+--------+--------+--------+-----+--------+
         Total |    150 |    150 |      0 |      0 |     97 |   1 |  150.0 |
       Dungeon |    150 |    150 |      0 |      0 |     97 |   1 |  150.0 |
               +--------+--------+--------+--------+--------+-----+--------+

Top non-repeatable levels by time:
     D:1: 150 daAuts
